 Dungeon Crawl Stone Soup version 0.18.1-5-g4a78601 (webtiles) character file.

80 imganon the Chopper (level 4, -1/52 HPs)
             Began as a Demonspawn Berserker on May 13, 2016.
             Was a Believer of Trog.
             Slain by a gnoll sergeant
             ... wielding a +0 spear
              (3 damage)
             ... on level 3 of the Dungeon.
             The game lasted 00:01:46 (1203 turns).

imganon the Chopper (Demonspawn Berserker)          Turns: 1203, Time: 00:01:47

Health: -1/52      AC:  6    Str: 23    XL:     4   Next: 18%
Magic:  4/4        EV:  7    Int:  8    God:    Trog [**....]
Gold:   66         SH:  0    Dex: 13    Spells: 0 memorised, 3 levels left

rFire  . . .     SeeInvis .     a - +0 hand axe
rCold  . . .     Gourm    .     b - +1 animal skin
rNeg   . . .     Faith    .     (no shield)
rPois  +         Spirit   .     (no helmet)
rElec  .         Dismiss  .     (no cloak)
rCorr  .         Reflect  .     e - +0 pair of gloves
SustAt .         Harm     .     (no boots)
MR     .....                    (no amulet)
Stlth  ..........               i - ring of poison resistance
                                h - -3 ring of slaying (curse)

@: berserking (expiring), very quick, not resistant to hostile enchantments,
extremely unstealthy
A: yellow scales 1, spiny 1
a: Berserk, Trog's Hand, Burn Spellbooks, Renounce Religion


You were on level 3 of the Dungeon.
You worshipped Trog.
Trog was pleased with you.
You were not hungry.

You visited 1 branch of the dungeon, and saw 3 of its levels.

You collected 66 gold pieces.

Inventory:

Hand Weapons
 a - a +0 hand axe (weapon)
Armour
 b - a +1 animal skin (worn)
 e - a +0 pair of gloves (worn)
Jewellery
 h - a cursed -3 ring of slaying (left hand)
 i - a ring of poison resistance (right hand)
Scrolls
 d - a scroll of enchant armour
 g - a scroll of fear
Potions
 f - a potion of cancellation {unknown}
 j - a potion of agility {unknown}
 l - a potion of lignification {unknown}
Comestibles
 c - a bread ration
 k - a meat ration
 n - 10 fruits


   Skills:
 - Level 3.0 Fighting
 + Level 4.6 Axes
 - Level 1.7 Armour
 - Level 1.7 Dodging


You had 3 spell levels left.
You didn't know any spells.

Dungeon Overview and Level Annotations

Branches:
Dungeon (3/15)

Altars:
Dithmenos
Fedhas
Zin
The Shining One

Shops:
D:2 *


Innate Abilities, Weirdness & Mutations

You are partially covered in yellow scales (AC +2).
You are partially covered in sharp spines.


Message History

a mace; a ring mail Unknown command.
You closely miss the gnoll.
The gnoll is heavily wounded.
You barely miss the gnoll sergeant. You hit the gnoll.
The gnoll is moderately wounded.
The gnoll sergeant hits you with a spear.
* * * LOW HITPOINT WARNING * * *
The gnoll hits you from afar with a spear of venom.
* * * LOW HITPOINT WARNING * * *
You are too injured to fight recklessly!
Unknown command.
Unknown command.
The gnoll hits you from afar with a spear.
* * * LOW HITPOINT WARNING * * *
The gnoll hits you but does no damage. The gnoll barely misses you.
There is a stone staircase leading up here.
You feel a strong urge to attack something.
The gnoll sergeant hits you from afar with a spear.
You die...

##.....#.....##
##.............#
#...............
#...............
#...............
#.....g.........
#.....g.)[......
#....gg)@.......
##....g).......?
##.....#.......
#########>....
##... .. .


You could see a gnoll sergeant and 4 gnolls.

Vanquished Creatures
  A gnoll (D:3)
  2 adders (D:2)
  2 dart slugs (D:1)
  4 giant geckos
  4 orcs
  A giant cockroach (D:2)
  4 hobgoblins
  4 kobolds
  A quokka (D:2)
  7 bats
  4 goblins
  5 rats
39 creatures vanquished.

Notes
Turn   | Place    | Note
--------------------------------------------------------------
     0 | D:1      | imganon the Demonspawn Berserker began the quest for the Orb.
     0 | D:1      | Reached XP level 1. HP: 18/18 MP: 1/1
    53 | D:1      | Reached skill level 3 in Axes
   183 | D:1      | Found a glowing golden altar of the Shining One.
   240 | D:1      | Gained mutation: You are partially covered in sharp spines. [demonic ancestry]
   240 | D:1      | Reached XP level 2. HP: 20/24 MP: 2/2
   708 | D:2      | Gained mutation: You are partially covered in yellow scales (AC +2). [demonic ancestry]
   708 | D:2      | Reached XP level 3. HP: 29/29 MP: 3/3
   790 | D:2      | Reached skill level 4 in Axes
   872 | D:2      | Reached ** piety under Trog
   880 | D:2      | Found a blossoming altar of Fedhas.
   913 | D:2      | Found Zin's Purification Station.
   920 | D:2      | Found a glowing silver altar of Zin.
  1055 | D:2      | Found a shadowy altar of Dithmenos.
  1062 | D:2      | Found a blossoming altar of Fedhas.
  1093 | D:2      | Found a faded altar to an unknown god.
  1190 | D:3      | Noticed a gnoll sergeant
  1192 | D:3      | Reached XP level 4. HP: 35/35 MP: 4/4
  1202 | D:3      | HP: 2/52 [gnoll/spear (6)]
  1203 | D:3      | Slain by a gnoll sergeant

Skill      XL: |  1  2  3 |
---------------+----------+-----
Axes           | 3 4 |  4.6
Fighting       | |  3.0
Armour         | |  1.7
Dodging        | |  1.7

Action                   |  1- 3 |  4- 6 || total
-------------------------+-------+-------++-------
Melee: Hand axe          |    63 |     8 ||    71
Invok: Berserk           |     1 |       ||     1
  Use: Scroll            |     3 |       ||     3
 Stab: Sleeping          |     1 |       ||     1
  Eat: Chunk             |     1 |       ||     1
Armor: Animal skin       |     7 |     7 ||    14
Dodge: Dodged            |    35 |    15 ||    50
